 Dungeon Crawl Stone Soup version 0.30-a0-358-g0d69a1922f (webtiles) character file.

Game seed: 5996424123623742876

79 oldmanjim the Vexing (level 4, -8/34 HPs)
             Began as a Gnoll Hexslinger on Nov 9, 2022.
             Killed by divine providence
             ... invoked by an orc priest
              (12 damage)
             ... on level 2 of the Dungeon.
             The game lasted 00:06:41 (1482 turns).

oldmanjim the Vexing (Gnoll Hexslinger)             Turns: 1482, Time: 00:06:42

Health: -8/34      AC:  3    Str: 10    XL:     4   Next: 38%
Magic:  7/8        EV: 13    Int: 14    God:
Gold:   97         SH:  0    Dex: 12    Spells: 6/9 levels left

rFire   . . .      SeeInvis .    b - +0 hand axe (vorpal)
rCold   . . .      Faith    .    (no shield)
rNeg    . . .      Spirit   .    c - +0 robe
rPois   .          Reflect  .    (no helmet)
rElec   .          Harm     .    (no cloak)
rCorr   .          Rampage  .    n - +0 pair of gloves
Will    .....                    (no boots)
Stlth   ++........               (no amulet)
HPRegen 0.25/turn                (no ring)
MPRegen 0.11/turn                (no ring)

@: no status effects
A: fangs 1, strong nose, distributed training
a: no special abilities


You were on level 2 of the Dungeon.
You visited 1 branch of the dungeon, and saw 2 of its levels.

You collected 97 gold pieces.

Inventory:

Hand Weapons
 a - a +1 sling
 b - a +0 vorpal hand axe (weapon)
 s - a +0 dagger
Missiles
 f - 35 stones
 i - 11 boomerangs
Armour
 c - a +0 robe (worn)
 d - a +0 pair of gloves
 n - a +0 pair of gloves (worn)
Jewellery
 h - a ring of willpower
Scrolls
 e - 2 scrolls of identify {unknown}
 g - a scroll of immolation {unknown}
 j - a scroll of fear {unknown}
 k - a scroll of summoning {unknown}
 l - 2 scrolls of teleportation {unknown}
 m - a scroll of noise {unknown}
 o - a scroll of poison
 q - a scroll of fog {unknown}
Potions
 p - a potion of flight {unknown}
 r - a potion of mutation {unknown}


   Skills:
 + Level 2.8 Fighting
 + Level 1.2 Short Blades
 + Level 1.2 Long Blades
 + Level 1.2 Axes
 + Level 1.2 Maces & Flails
 + Level 1.2 Polearms
 + Level 1.2 Staves
 + Level 4.6 Ranged Weapons
 + Level 1.2 Throwing
 + Level 1.2 Armour
 + Level 4.6 Dodging
 + Level 1.2 Stealth
 + Level 1.2 Shields
 + Level 1.2 Unarmed Combat
 + Level 3.0 Spellcasting
 + Level 1.0 Conjurations
 + Level 5.5 Hexes
 + Level 1.0 Summonings
 + Level 1.0 Necromancy
 + Level 1.0 Translocations
 + Level 1.0 Transmutations
 + Level 1.0 Fire Magic
 + Level 1.0 Ice Magic
 + Level 1.0 Air Magic
 + Level 1.0 Earth Magic
 + Level 1.0 Poison Magic
 + Level 1.3 Invocations
 + Level 1.2 Evocations


You had 6 spell levels left.
You knew the following spells:

 Your Spells              Type           Power      Damage    Failure   Level
a - Slow                  Hex            68%        N/A       2%          1
b - Summon Small Mammal   Summ           16%        N/A       14%         1
c - Necrotise             Necr           16%        1d4       14%         1

Your spell library contained the following spells:

 Spells                   Type           Power      Damage    Failure   Level
 Apportation              Tloc           8%         N/A       14%         1
 Inner Flame              Hex/Fire       11%        N/A       17%         3
 Portal Projectile        Hex/Tloc       22%        N/A       17%         3
 Cause Fear               Hex            8%         N/A       22%         4


Dungeon Overview and Level Annotations

Branches:
Dungeon (2/15)

Altars:


Innate Abilities, Weirdness & Mutations

You have very sharp teeth.
Your uncanny sense of smell can sniff out nearby items.
Your experience applies equally to all skills.


Message History

The orc is lightly wounded.
You shoot a sling bullet.
The sling bullet completely misses the orc.
You shoot a sling bullet. The sling bullet hits the orc!
You kill the orc!
Your Conjurations skill increases to level 1!
Your Summonings skill increases to level 1!
Your Necromancy skill increases to level 1!
Your Translocations skill increases to level 1!
Your Transmutations skill increases to level 1!
Your Fire Magic skill increases to level 1!
Your Ice Magic skill increases to level 1!
Your Air Magic skill increases to level 1!
Your Earth Magic skill increases to level 1!
Your Poison Magic skill increases to level 1!
Unknown command.
You see here a +0 vorpal hand axe.
s - a +0 vorpal hand axe Adjust to which letter? (? for menu, Esc to quit)
b - a +0 vorpal hand axe;
s - a +0 dagger
b - a +0 vorpal hand axe (weapon)
a - a +1 sling (weapon)
An orc priest is nearby!
b - a +0 vorpal hand axe (weapon)
Casting: Slow (safe; 2% risk of failure)
Confirm with . or Enter, or press ? or * to list all spells.
Aiming: Slow (safe; 2% risk of failure)
Press: ? - help, Shift-Dir - straight line, f - orc priest
Aim: an orc priest, wielding a +0 flail (wandering, hasn't noticed you, chance to affect: 50%)
The orc priest shouts!
The orc priest resists with some effort.
The orc priest invokes the aid of Beogh against you.
Beogh smites you!
The orc priest calls down the wrath of Beogh upon you.
Beogh smites you!
* * * LOW HITPOINT WARNING * * *
You hear a shout!
The orc priest invokes the aid of Beogh against you.
Beogh smites you!
You die...

#.. ... .... #o#
#..#.# .# #.#
#..#.# ∆.. #.#
#..#.# #. #.#
#..#.# .. #.#
#..#.# ## #.#
#..#.# ###.. #.#
#.†#.#####.... #@#
#........#..## #.#
#.##.###.#..## #.#
#.##........##
#.###.............
#.................
##############..##
##..# #...##
#.#...


You could see an orc priest.

Vanquished Creatures
  2 adders (D:2)
  A gnoll (D:1)
  A worm (D:2)
  2 orcs (D:2)
  3 bats
  6 endoplasms (D:1)
  2 giant cockroaches
  2 goblins
  5 hobgoblins
  2 jackals (D:1)
  A quokka (D:1)
  6 ball pythons
  A frilled lizard (D:1)
  5 kobolds
  5 rats
44 creatures vanquished.

Notes
Turn   | Place    | Note
-------+----------+-------------------------------------------
     0 | D:1      | oldmanjim the Gnoll Hexslinger began the quest for the Orb.
     0 | D:1      | Reached XP level 1. HP: 17/17 MP: 4/4
   110 | D:1      | Reached XP level 2. HP: 23/23 MP: 3/5
   221 | D:1      | Reached XP level 3. HP: 28/28 MP: 7/7
   223 | D:1      | Learned a level 1 spell: Summon Small Mammal
   424 | D:1      | Reached skill level 1 in Invocations
   758 | D:2      | Reached skill level 1 in Short Blades
   758 | D:2      | Reached skill level 1 in Long Blades
   758 | D:2      | Reached skill level 1 in Axes
   758 | D:2      | Reached skill level 1 in Maces & Flails
   758 | D:2      | Reached skill level 1 in Polearms
   758 | D:2      | Reached skill level 1 in Staves
   758 | D:2      | Reached skill level 1 in Throwing
   758 | D:2      | Reached skill level 1 in Armour
   758 | D:2      | Reached skill level 1 in Stealth
   758 | D:2      | Reached skill level 1 in Shields
   758 | D:2      | Reached skill level 1 in Unarmed Combat
   758 | D:2      | Reached skill level 1 in Evocations
   818 | D:2      | Reached XP level 4. HP: 24/34 MP: 6/8
   820 | D:2      | Learned a level 1 spell: Necrotise
  1465 | D:2      | Reached skill level 1 in Conjurations
  1465 | D:2      | Reached skill level 1 in Summonings
  1465 | D:2      | Reached skill level 1 in Necromancy
  1465 | D:2      | Reached skill level 1 in Translocations
  1465 | D:2      | Reached skill level 1 in Transmutations
  1465 | D:2      | Reached skill level 1 in Fire Magic
  1465 | D:2      | Reached skill level 1 in Ice Magic
  1465 | D:2      | Reached skill level 1 in Air Magic
  1465 | D:2      | Reached skill level 1 in Earth Magic
  1465 | D:2      | Reached skill level 1 in Poison Magic
  1482 | D:2      | Killed from afar by an orc priest

Illustrated notes

Levels and vault maps discovered:
D:1:      minmay_arrival_open_corners, layout_rooms, minmay_pentomino_v4
D:2:      layout_loops_ring, hangedman_decor_peaks_small

Skill      XL: |  1  2  3  4 |
---------------+-------------+-----
Invocations    | 1 |  1.3
Short Blades   | 1 |  1.2
Long Blades    | 1 |  1.2
Axes           | 1 |  1.2
Maces & Flails | 1 |  1.2
Polearms       | 1 |  1.2
Staves         | 1 |  1.2
Throwing       | 1 |  1.2
Armour         | 1 |  1.2
Stealth        | 1 |  1.2
Shields        | 1 |  1.2
Unarmed Combat | 1 |  1.2
Evocations     | 1 |  1.2
Spellcasting   | 3 |  3.0
Conjurations   | 1 |  1.0
Summonings     | 1 |  1.0
Necromancy     | 1 |  1.0
Translocations | 1 |  1.0
Transmutations | 1 |  1.0
Fire Magic     | 1 |  1.0
Ice Magic      | 1 |  1.0
Air Magic      | 1 |  1.0
Earth Magic    | 1 |  1.0
Poison Magic   | 1 |  1.0
Fighting       | |  2.8
Ranged Weapons | |  4.6
Dodging        | |  4.6
Hexes          | |  5.5

Action                   |  1- 3 |  4- 6 || total
-------------------------+-------+-------++-------
Melee: Dagger            |       |     7 ||     7
 Fire: Sling             |   102 |    23 ||   125
 Cast: Slow              |    10 |     6 ||    16
       Summon Small Mamm |     3 |       ||     3
       Necrotise         |       |     5 ||     5
Armor: Robe              |     8 |     1 ||     9
Dodge: Dodged            |    34 |    17 ||    51

Table legend: (Time is in decaauts)
 A = Elapsed time spent in this place.
 B = Non-inter-level travel time spent in this place.
 C = Inter-level travel time spent in this place.
 D = Time resting spent in this place.
 E = Time spent auto-exploring this place.
 F = Levels seen in this place.
 G = Mean time per level.
                   A        B        C        D        E       F      G
               +--------+--------+--------+--------+--------+-----+--------+
         Total |   1501 |   1430 |     71 |    155 |    957 |   2 |  750.5 |
       Dungeon |   1501 |   1430 |     71 |    155 |    957 |   2 |  750.5 |
               +--------+--------+--------+--------+--------+-----+--------+

Top non-repeatable levels by time:
     D:1: 843 daAuts
     D:2: 658 daAuts
